[Event "Team 45 45 League T84"]
[Site "Internet Chess Club"]
[Date "2020.04.25"]
[Round "4"]
[White "Bumun"]
[Black "trombone"]
[Result "1-0"]
[WhiteElo "1711"]
[BlackElo "1745"]
[Opening "Robatsch defense: two knights variation"]
[ECO "B06"]
[Time "05:01:26"]
[TimeControl "2700+45"]

1. e4 g6 2. d4 Bg7 3. Nf3 d6 4. Nc3 a6 5. a4 b6 6. Bc4 e6 7. Bg5 Ne7 8. O-O h6
9. Bh4 O-O 10. Qd2 Bb7 11. Rfe1 Nd7 12. Rad1 g5 13. Bg3 Nf6 14. Qe3 Ng6 15. e5
Nh5 16. exd6 cxd6 17. d5 e5 18. Ne4 f5 19. Nc3 f4 20. Qd3 Ne7 21. Ba2 fxg3 22.
hxg3 Nf6 23. Nxe5 dxe5 24. d6+ Kh8 25. dxe7 Qxe7 26. Qd6 Qxd6 27. Rxd6 b5 28.
Rb6 Rfb8 29. axb5 axb5 30. Rxb5 Nd7 31. Rd1 Bc6 32. Rxb8+ Rxb8 33. Rd6 Rb6 34.
Be6 Bf8 35. Rxc6 Rxc6 36. Bxd7 Rc7 37. Bf5 Kg7 38. Kf1 Kf6 39. Nd5+ {Black
resigns} 1-0

[Event "Team 45 45 League T84"]
[Site "Internet Chess Club"]
[Date "2020.04.25"]
[Round "4"]
[White "WillC"]
[Black "liujf"]
[Result "1-0"]
[WhiteElo "1573"]
[BlackElo "1573"]
[Opening "Queen's pawn game"]
[ECO "A46"]
[Time "16:00:43"]
[TimeControl "2700+45"]

1. d4 Nf6 2. Nf3 e6 3. b3 d5 4. Bb2 Bd6 5. e3 b6 6. Bd3 Ba6 7. O-O Bxd3 8. Qxd3
Nbd7 9. Nbd2 O-O 10. Rac1 Rc8 11. Ne5 c5 12. c4 cxd4 13. exd4 Re8 14. cxd5 exd5
15. Nc6 Qc7 16. Ne7+ Rxe7 17. Rxc7 Rxc7 18. g3 Re6 19. Kg2 Nh5 20. Qf3 Rc2 21.
Bc1 Nhf6 22. a4 Re8 23. Nb1 Rec8 24. Ba3 Bxa3 25. Nxa3 R2c3 26. Qf4 Rxb3 27. Nb5
a6 28. Nd6 Rc6 29. g4 g6 30. g5 Rxd6 31. Qxd6 {Black resigns} 1-0

[Event "Team 45 45 League T84"]
[Site "Internet Chess Club"]
[Date "2020.04.26"]
[Round "4"]
[White "chessnutdale"]
[Black "CMAlge"]
[Result "1-0"]
[WhiteElo "1463"]
[BlackElo "1212"]
[Opening "Torre attack (Tartakower variation)"]
[ECO "D03"]
[Time "10:00:48"]
[TimeControl "2700+45"]

1. d4 d5 2. Nf3 Nf6 3. Bg5 Ne4 4. Bf4 c5 5. Nbd2 Nc6 6. dxc5 e6 7. e3 Bxc5 8. c3
Qb6 9. a4 Qxb2 10. Bb5 Qxc3 11. O-O Qf6 12. Nxe4 dxe4 13. Bg5 exf3 14. Bxf6 gxf6
15. Qxf3 Ke7 16. Bxc6 bxc6 17. Qxc6 {Black resigns} 1-0

[Event "Team 45 45 League T84"]
[Site "Internet Chess Club"]
[Date "2020.04.24"]
[Round "4"]
[White "rhayder"]
[Black "Pawnchain"]
[Result "0-1"]
[WhiteElo "1127"]
[BlackElo "1415"]
[Opening "French: Two knights variation"]
[ECO "C00"]
[Time "16:16:42"]
[TimeControl "2700+45"]

1. e4 e6 2. Nf3 d5 3. Nc3 Ne7 4. exd5 Nxd5 5. Nxd5 exd5 6. Bb5+ c6 7. Ba4 Bg4 8.
h3 Bh5 9. d3 Be7 10. O-O O-O 11. Qe2 Nd7 12. Qe3 Re8 13. Nd2 Bd6 14. a3 Rxe3
{White resigns} 0-1

[Event "Team 45 45 League T84"]
[Site "Internet Chess Club"]
[Date "2020.04.25"]
[Round "4"]
[White "PJ"]
[Black "Constrictor"]
[Result "1/2-1/2"]
[WhiteElo "1572"]
[BlackElo "1568"]
[Opening "QGD Slav defense"]
[ECO "D10"]
[Time "11:01:31"]
[TimeControl "2700+45"]

1. d4 c6 2. c4 d5 3. Nc3 Nf6 4. cxd5 cxd5 5. g3 Nc6 6. f3 Bf5 7. a3 e6 8. Nh3 a6
9. Nf2 Bd6 10. e4 dxe4 11. fxe4 Bxg3 12. hxg3 Bg6 13. e5 Nd5 14. Bd3 Qb6 15.
Bxg6 fxg6 16. Nxd5 exd5 17. Bf4 O-O 18. Qf3 Qxd4 19. Qc3 Nxe5 20. O-O Rxf4 21.
gxf4 Qxf4 22. Nh1 Qg4+ 23. Ng3 d4 24. Qb3+ Kh8 25. Kg2 Qg5 26. Qb4 h5 27. Rf8+
Rxf8 28. Qxf8+ Kh7 29. Qf2 h4 30. Rh1 Kg8 31. Qxd4 Qxg3+ 32. Kf1 Qf3+ 33. Kg1
Qg3+ 34. Kf1 Qf3+ 35. Kg1 Qg3+ 36. Kf1 Qf3+ 37. Kg1 Qg3+ {Game drawn by
repetition} 1/2-1/2

[Event "Team 45 45 League T84"]
[Site "Internet Chess Club"]
[Date "2020.04.27"]
[Round "4"]
[White "DaveTheRook"]
[Black "Rybo88"]
[Result "1-0"]
[WhiteElo "1553"]
[BlackElo "1452"]
[Opening "Grünfeld: Spassky variation, main line, 10...cd, 11.cd"]
[ECO "D88"]
[Time "17:16:49"]
[TimeControl "2700+45"]

1. d4 Nf6 2. c4 g6 3. Nc3 d5 4. cxd5 Nxd5 5. e4 Nxc3 6. bxc3 Bg7 7. Bc4 O-O 8.
Ne2 c5 9. O-O cxd4 10. cxd4 Nc6 11. Be3 b6 12. Rc1 Bb7 13. Bb5 Rc8 14. Qa4 Na5
15. Rxc8 Qxc8 16. Rc1 Qe6 17. d5 Qd6 18. f4 Rd8 19. Bc6 Ba6 20. e5 Qb8 21. Nd4
Bb7 22. Bxb7 Qxb7 23. Nc6 Rxd5 24. Nxa5 bxa5 25. Qe8+ Bf8 26. Rc8 Rd1+ 27. Kf2
Qb2+ 28. Kg3 {Black resigns} 1-0

[Event "Team 45 45 League T84"]
[Site "Internet Chess Club"]
[Date "2020.04.26"]
[Round "4"]
[White "BrerRabbit"]
[Black "pokerram"]
[Result "0-1"]
[WhiteElo "1357"]
[BlackElo "1542"]
[Opening "King's Indian: fianchetto without c4"]
[ECO "A49"]
[Time "14:32:28"]
[TimeControl "2700+45"]

1. d4 Nf6 2. Nf3 g6 3. g3 Bg7 4. Bg2 O-O 5. O-O d6 6. b3 c6 7. Bb2 Nbd7 8. Re1
Re8 9. e4 e5 10. dxe5 dxe5 11. Nxe5 Nxe5 12. Qxd8 Rxd8 13. Bxe5 Re8 14. Bb2 Nd5
15. Bxg7 Kxg7 16. c4 Nb4 17. Na3 Nd3 18. Re3 Ne5 19. Rd1 Be6 20. Re2 Bg4 21. f3
Nxf3+ 22. Bxf3 Bxf3 23. Red2 Bxd1 24. Rxd1 Rad8 25. Re1 Rd2 26. Nb1 Rxa2 27. Rd1
Rc2 28. Na3 Re2 29. Rd7 R8xe4 30. Rxb7 Ra2 31. Rxa7 Re1# {White checkmated} 0-1

[Event "Team 45 45 League T84"]
[Site "Internet Chess Club"]
[Date "2020.04.27"]
[Round "4"]
[White "Megasus"]
[Black "kingsrook"]
[Result "1-0"]
[WhiteElo "1513"]
[BlackElo "1204"]
[Opening "Queen's pawn game, Darooha variation "]
[ECO "D02"]
[Time "16:00:46"]
[TimeControl "2700+45"]

1. d4 d5 2. Nf3 Nf6 3. h3 h6 4. e3 Bf5 5. Nbd2 e6 6. a3 a6 7. b3 Be7 8. Bb2 Nbd7
9. c4 c5 10. Be2 O-O 11. Ne5 Nxe5 12. dxe5 Nd7 13. g4 Bh7 14. Rg1 Qc7 15. f4
Bh4+ 16. Kf1 f6 17. Nf3 fxe5 18. cxd5 Be7 19. dxe6 e4 20. Qxd7 Qxd7 21. exd7
exf3 22. Bxf3 Rab8 23. Be5 Rbd8 24. Bd5+ Kh8 25. Be6 Bf6 26. Bxf6 Rxf6 27. f5
Rdf8 28. e4 Rxe6 29. Rd1 {Black forfeits on time} 1-0

[Event "Team 45 45 League T84"]
[Site "Internet Chess Club"]
[Date "2020.04.23"]
[Round "4"]
[White "nidusin2"]
[Black "scostanzo212"]
[Result "1-0"]
[WhiteElo "1600"]
[BlackElo "1552"]
[Opening "Queen's pawn: Chigorin variation"]
[ECO "D00"]
[Time "21:32:54"]
[TimeControl "2700+45"]

1. d4 d5 2. Nc3 Nf6 3. Bf4 c5 4. e3 Nc6 5. Nb5 e5 6. dxe5 Nd7 7. e6 Nde5 8.
exf7+ Kxf7 9. Nf3 Ng6 10. Bg3 Be6 11. Nc7 Rc8 12. Nxe6 Kxe6 13. Bd3 Qf6 14. h4
h6 15. c3 Nge5 16. Nxe5 Nxe5 17. Bxe5 Qxe5 18. Qg4+ {Black resigns} 1-0

[Event "Team 45 45 League T84"]
[Site "Internet Chess Club"]
[Date "2020.04.22"]
[Round "4"]
[White "Kingofknights"]
[Black "fireball"]
[Result "1-0"]
[WhiteElo "1566"]
[BlackElo "1458"]
[Opening "Nimzo-Indian: 4.e3 O-O, 5.Bd3 d5"]
[ECO "E48"]
[Time "19:02:28"]
[TimeControl "2700+45"]

1. d4 e6 2. c4 Nf6 3. Nc3 Bb4 4. e3 O-O 5. Bd3 d5 6. Ne2 b6 7. a3 Be7 8. f3 Nbd7
9. Ng3 c6 10. O-O e5 11. b4 dxc4 12. Bxc4 b5 13. Bb3 exd4 14. exd4 Nb6 15. Bf4
Bd6 16. Bg5 Bxg3 17. hxg3 h6 18. Bf4 Nbd5 19. Qd2 Bf5 20. g4 Bg6 21. Be5 Qd7 22.
Rac1 Nxc3 23. Bxf6 Nd5 24. Be5 f6 25. Bg3 Kh8 26. Rc5 Bf7 27. Rfc1 Rac8 28. Bc2
Ne7 29. Be4 Bd5 30. R5c3 f5 31. gxf5 Nxf5 32. Be5 Bxe4 33. fxe4 Kg8 34. exf5
Rxf5 35. Qc2 Rg5 36. Qe4 Rg4 37. Qf3 Rf8 38. Qxc6 Qf5 39. Qd5+ Kh8 40. Qa2 Qe4
41. Qd2 Kg8 42. Rc8 Rxc8 43. Rxc8+ Kh7 44. Qc2 Qxc2 45. Rxc2 Rg6 46. Rc7 a6 47.
Kf2 h5 48. g3 Rg4 49. Kf3 Kh6 50. Rc6+ Rg6 51. d5 Kh7 52. Rxg6 Kxg6 53. d6 Kf7
54. Kf4 Ke6 55. d7 Kxd7 56. Bxg7 Ke6 57. Kg5 Kf7 58. Bd4 Kg8 59. Kxh5 Kh7 60. g4
Kg8 61. Kg6 Kf8 62. g5 Kg8 63. Be5 a5 64. bxa5 b4 65. axb4 Kf8 66. Kh7 {Black
resigns} 1-0

[Event "Team 45 45 League T84"]
[Site "Internet Chess Club"]
[Date "2020.04.24"]
[Round "4"]
[White "Kingfisher75"]
[Black "tightfist"]
[Result "1-0"]
[WhiteElo "1562"]
[BlackElo "1420"]
[Opening "QGD: Orthodox defense, 7.Rc1"]
[ECO "D63"]
[Time "20:31:36"]
[TimeControl "2700+45"]

1. d4 Nf6 2. c4 e6 3. Nf3 d5 4. Nc3 Be7 5. Bg5 Nbd7 6. e3 O-O 7. Rc1 b6 8. cxd5
Nxd5 9. Bxe7 Nxe7 10. Bd3 Nf6 11. O-O Bb7 12. Qe2 Ned5 13. Rfd1 a6 14. e4 Nf4
15. Qe3 Nxd3 16. Rxd3 Qe7 17. e5 Nd5 18. Nxd5 Bxd5 19. Rdc3 Rac8 20. a3 a5 21.
Ng5 f5 22. exf6 Rxf6 23. Qg3 c5 24. Qe3 c4 25. Ne4 Rg6 26. g3 a4 27. Nd2 b5 28.
Nf3 Bxf3 29. Qxf3 Rf6 30. Qe3 Qd6 31. Qe5 Qd5 32. Re1 Rd8 33. Re4 Qxe5 34. Rxe5
Rd5 35. f4 Kf7 36. Kf2 Rf5 37. Ke3 Rdxe5+ 38. dxe5 h5 39. h4 Ke7 40. Kd4 Rf8 41.
Kc5 Rb8 42. Rc2 Rb7 43. Rd2 c3 44. bxc3 Rc7+ 45. Kxb5 Rxc3 46. Kxa4 Rxg3 47. Rd4
Rg4 48. Kb5 g5 49. hxg5 h4 50. Rd3 Rg3 51. Rd2 Rxa3 52. Rh2 h3 53. g6 Rc3 54.
Kb4 Rd3 55. Kc4 Rf3 56. Kc5 Rxf4 57. Rxh3 Rg4 58. Rh7+ Kf8 59. Rf7+ Kg8 60. Rf6
Kg7 61. Kd6 Rxg6 62. Rxg6+ Kxg6 63. Kxe6 Kg7 64. Kd7 Kf8 65. e6 Kg8 66. e7 Kf7
67. e8=Q+ {Black resigns} 1-0

[Event "Team 45 45 League T84"]
[Site "Internet Chess Club"]
[Date "2020.04.26"]
[Round "4"]
[White "Easy-Win"]
[Black "Ajolote"]
[Result "1-0"]
[WhiteElo "1746"]
[BlackElo "1903"]
[Opening "Sicilian: Nimzovich-Rossolimo attack (with ...g6, without ...d6)"]
[ECO "B31"]
[Time "20:06:11"]
[TimeControl "2700+45"]

1. e4 c5 2. Nf3 Nc6 3. Bb5 g6 4. Bxc6 dxc6 5. d4 Bg7 6. c3 Nf6 7. Qe2 O-O 8. O-O
cxd4 9. cxd4 Bg4 10. Nbd2 Ne8 11. Qe3 f5 12. Qb3+ Kh8 13. Ng5 fxe4 14. Nf7+ Rxf7
15. Qxf7 Qxd4 16. Qxe7 Nd6 17. Nb3 Qd5 18. Bf4 Nc4 19. Rae1 Be6 20. Nc5 Bf7 21.
b3 Nb2 22. Rxe4 b6 23. Nd7 h6 24. Be5 Re8 25. Bxg7+ Kxg7 26. Qf6+ Kg8 {Black
resigns} 1-0

[Event "Team 45 45 League T84"]
[Site "Internet Chess Club"]
[Date "2020.04.26"]
[Round "4"]
[White "hipopotamos"]
[Black "Zugzwanged"]
[Result "1-0"]
[WhiteElo "1659"]
[BlackElo "1690"]
[Opening "Sicilian defense"]
[ECO "B40"]
[Time "14:00:54"]
[TimeControl "2700+45"]

1. e4 e6 2. Nf3 c5 3. Nc3 Nc6 4. Bc4 a6 5. a3 Nf6 6. d3 d6 7. O-O Be7 8. Re1 O-O
9. Bf4 b5 10. Ba2 Bb7 11. Qd2 h6 12. Rad1 Qd7 13. Be3 Ng4 14. d4 Nxe3 15. fxe3
cxd4 16. exd4 Rac8 17. d5 Nd8 18. dxe6 Nxe6 19. Ne5 Qc7 20. Bxe6 fxe6 21. Ng6
Rfd8 22. Nxe7+ Qxe7 23. Qe2 Qg5 24. Rd3 Qe5 25. Rg3 Rc4 26. Qg4 d5 27. Rd1 d4
28. Qh4 Rd7 29. Qxh6 Bxe4 30. Nxe4 Qxe4 31. c3 dxc3 32. Rf1 cxb2 33. Qh5 Rd8 34.
Rh3 Qd4+ 35. Kh1 Qf6 36. Qh8+ Kf7 37. Rxf6+ gxf6 38. Rh7+ Kg6 39. Qg7+ Kf5 40.
Rh5+ Ke4 41. Qg6+ Kd4 42. Qxf6+ Ke3 43. Qe5+ Kd2 44. Qxb2+ Rc2 45. Qb4+ Kc1 46.
h3 Rdd2 47. Re5 Rb2 48. Qc3+ Kb1 49. Rxe6 Rxg2 50. Qd3+ Rbc2 51. Qb3+ Kc1 52.
Re1+ Kd2 53. Qe3# {Black checkmated} 1-0

[Event "Team 45 45 League T84"]
[Site "Internet Chess Club"]
[Date "2020.04.25"]
[Round "4"]
[White "THE-WARRIOR"]
[Black "JPSVI"]
[Result "0-1"]
[WhiteElo "1606"]
[BlackElo "1741"]
[Opening "Dutch defense"]
[ECO "A40"]
[Time "21:00:40"]
[TimeControl "2700+45"]

1. d4 e6 2. c4 f5 3. Nf3 Nf6 4. Nc3 g6 5. e3 Bg7 6. Bd3 O-O 7. O-O d6 8. Qb3 Nc6
9. d5 Na5 10. Qa4 b6 11. b4 Ne4 12. Nxe4 fxe4 13. Bxe4 Bxa1 14. bxa5 Qe8 15.
Qxe8 Rxe8 16. Bd2 Bf6 17. Nd4 Bxd4 18. exd4 e5 19. dxe5 Rxe5 20. Bf3 Bf5 21. Rc1
Rae8 22. g4 Bd3 23. axb6 axb6 24. Be3 Be4 25. Be2 Ra8 26. Ra1 Ra3 27. Kf1 Re8
28. Bc1 Rh3 29. Bf4 Bf3 30. Bxf3 Rxf3 31. Be3 Rexe3 {White resigns} 0-1

[Event "Team 45 45 League T84"]
[Site "Internet Chess Club"]
[Date "2020.04.23"]
[Round "4"]
[White "fireball"]
[Black "pishd"]
[Result "1-0"]
[WhiteElo "1486"]
[BlackElo "1773"]
[Opening "QGD: 4.Bg5"]
[ECO "D50"]
[Time "10:03:48"]
[TimeControl "2700+45"]

1. d4 d5 2. c4 e6 3. Nc3 Nf6 4. Bg5 c6 5. e3 Be7 6. Nf3 O-O 7. Qc2 Nbd7 8. c5 h6
9. Bh4 b6 10. cxb6 axb6 11. Bd3 c5 12. dxc5 bxc5 13. Bg3 Qa5 14. O-O Ba6 15.
Bxa6 Rxa6 16. h3 Rfa8 17. Rfd1 Qb4 18. a3 Qb7 19. a4 Bd6 20. Bxd6 Rxd6 21. Nb5
Rda6 22. b4 Rc6 23. Rdc1 Rac8 24. Qb2 Ne4 25. Nd2 Nxd2 26. Qxd2 c4 27. e4 Ra6
28. exd5 Qxd5 29. Qxd5 exd5 30. Rd1 Nf6 31. Nc3 Rd6 32. f3 Kf8 33. Rd4 Ke7 34.
Rad1 Rcd8 35. b5 R8d7 36. a5 Kd8 37. b6 Kc8 38. Nb5 Rc6 39. Na7+ Rxa7 40. bxa7
Kb7 41. Re1 Rc7 42. a6+ Kxa7 43. Ra1 Rc6 44. g4 Rxa6 45. Rxa6+ Kxa6 46. h4 Kb6
47. g5 hxg5 48. hxg5 c3 49. Rd1 Nh7 50. f4 Kc5 51. Kf2 d4 52. Ke2 Kc4 53. Rc1
d3+ 54. Kd1 d2 55. Ra1 Kd3 56. Ra3 f6 57. g6 Nf8 58. f5 Nd7 59. Ra2 Kc4 60. Kc2
Nc5 61. Ra7 Nb3 62. Ra4+ Kb5 63. Ra7 Nd4+ 64. Kd1 Kc4 65. Rxg7 Kd3 66. Rc7 Nxf5
67. Rd7+ Kc4 68. g7 Ne3+ 69. Ke2 d1=Q+ 70. Rxd1 Nxd1 71. g8=Q+ {Black resigns}
1-0

[Event "Team 45 45 League T84"]
[Site "Internet Chess Club"]
[Date "2020.04.24"]
[Round "4"]
[White "kidviper"]
[Black "Bumun"]
[Result "1/2-1/2"]
[WhiteElo "1825"]
[BlackElo "1692"]
[Opening "Queen's pawn: Charlick (Englund) gambit"]
[ECO "A40"]
[Time "12:00:41"]
[TimeControl "2700+45"]

1. d4 e5 2. dxe5 Nc6 3. Nf3 Qe7 4. Nc3 Nxe5 5. Nd5 Nxf3+ 6. gxf3 Qd8 7. Bg5 f6
8. Bf4 d6 9. Qd2 c6 10. Nc3 d5 11. Rg1 Be6 12. O-O-O g5 13. Bg3 Qb6 14. e3 O-O-O
15. f4 g4 16. Ne2 Nh6 17. Nd4 Bd7 18. Bh4 c5 19. Nb3 Nf5 20. Bg3 h5 21. h3 h4
22. hxg4 Nxg3 23. fxg3 h3 24. Rh1 Bxg4 25. Be2 Be6 26. Bf3 Bg7 27. Qc3 c4 28.
Nd4 f5 29. Rh2 Rh7 30. Rdh1 Rdh8 {Game drawn by mutual agreement} 1/2-1/2

[Event "Team 45 45 League T84"]
[Site "Internet Chess Club"]
[Date "2020.04.26"]
[Round "4"]
[White "ivanson"]
[Black "kidcobra"]
[Result "0-1"]
[WhiteElo "1671"]
[BlackElo "1798"]
[Opening "Ruy Lopez: Cozio defense"]
[ECO "C60"]
[Time "16:04:16"]
[TimeControl "2700+45"]

1. e4 e5 2. Nf3 Nc6 3. Bb5 Nge7 4. Nc3 a6 5. Bc4 Ng6 6. d4 exd4 7. Nxd4 Bc5 8.
Be3 Nce5 9. Bb3 d6 10. h3 Nh4 11. O-O Bxd4 12. Bxd4 Qg5 13. g4 Nhf3+ 14. Kh1 Qh4
15. Kg2 Bxg4 16. Rh1 Nxd4 17. hxg4 Qxg4+ 18. Qxg4 Nxg4 19. Nd5 Nxb3 20. axb3
O-O-O 21. Rh4 Ne5 22. Rah1 h6 23. Ne7+ Kd7 24. Nf5 Ng6 25. Rg4 Rh7 26. Rg3 Re8
27. Re3 Ne7 28. Ng3 g6 29. Rd1 Nc6 30. f4 f6 31. Kf2 h5 32. Rh1 Nd4 33. c4 h4
34. Ne2 Nxe2 35. Kxe2 f5 36. e5 dxe5 37. fxe5 f4 38. Re4 g5 39. Kf3 Ke6 40. Kg4
Rf8 41. Rh3 f3 42. Rxf3 Rxf3 43. Kxf3 h3 44. Re1 h2 45. Kg2 h1=Q+ 46. Rxh1 Rxh1
47. Kxh1 Kxe5 {White resigns} 0-1

[Event "Team 45 45 League T84"]
[Site "Internet Chess Club"]
[Date "2020.04.24"]
[Round "4"]
[White "Bizzy-Ketty"]
[Black "carvajales"]
[Result "1/2-1/2"]
[WhiteElo "1602"]
[BlackElo "1755"]
[Opening "French: Rubinstein variation"]
[ECO "C03"]
[Time "15:00:38"]
[TimeControl "2700+45"]

1. e4 e6 2. d4 d5 3. Nd2 dxe4 4. Nxe4 Nd7 5. Nf3 Ngf6 6. Ng3 c5 7. b3 cxd4 8.
Qxd4 Bc5 9. Qd2 O-O 10. Bd3 b6 11. O-O Bb7 12. Qe2 Bxf3 13. Qxf3 Ne5 14. Qe2
Nxd3 15. cxd3 Bd4 16. Rb1 Rc8 17. Ba3 Re8 18. Ne4 Nxe4 19. dxe4 Qf6 20. Rbc1 a5
21. Rc2 h6 22. Rfc1 Rxc2 23. Qxc2 Rd8 24. h3 Qf4 25. Re1 Be5 26. g3 Qd2 27. Rc1
Rd3 28. Be7 Bd4 29. Qxd2 Rxd2 30. Rf1 Rxa2 31. b4 a4 32. b5 a3 33. Bd6 Bb2 34.
Rb1 Bd4 35. Rf1 Bc5 36. Bxc5 bxc5 37. b6 Rb2 38. Ra1 a2 39. Kg2 Rxb6 40. Rxa2
Rc6 41. Kf3 Kf8 42. Ra7 c4 43. Ke3 g5 44. Kd2 Kg7 45. Kc3 Rb6 46. Ra1 Rc6 47.
Ra4 Rb6 48. Ra1 Kf6 49. Kxc4 Rb2 50. Rf1 Ke5 51. f4+ Kxe4 52. fxg5 hxg5 53. Rxf7
Rc2+ 54. Kb3 Rh2 55. Rg7 Kf5 56. Rh7 e5 57. Kc4 Ke4 58. Rg7 Rc2+ 59. Kb3 Rh2 60.
Rxg5 Rxh3 61. Kc2 Rh2+ 62. Kd1 Kd3 63. Rxe5 Rh1+ 64. Re1 Rxe1+ 65. Kxe1 Ke3 66.
g4 Kf4 67. g5 Kxg5 {Game drawn because neither player has mating material}
1/2-1/2

[Event "Team 45 45 League T84"]
[Site "Internet Chess Club"]
[Date "2020.04.22"]
[Round "4"]
[White "AboardBuffalo"]
[Black "KidRattler"]
[Result "0-1"]
[WhiteElo "1606"]
[BlackElo "1696"]
[Opening "Ruy Lopez: Cozio defense"]
[ECO "C60"]
[Time "20:18:28"]
[TimeControl "2700+45"]

1. e4 e5 2. Nf3 Nc6 3. Bb5 Nge7 4. O-O a6 5. Ba4 g6 6. c3 b5 7. Bb3 h6 8. d4
exd4 9. cxd4 Bg7 10. Nc3 d6 11. Nd5 Be6 12. Nxe7 Bxb3 13. Qxb3 Qxe7 14. Qd5 Qd7
15. Bd2 O-O 16. Rac1 Ne7 17. Qb3 Rfc8 18. e5 dxe5 19. dxe5 c5 20. Rfd1 c4 21.
Qc2 Qf5 22. Qxf5 Nxf5 23. Ba5 Rc6 24. Rd7 Re6 25. g4 Ne7 26. Rd6 Nc6 27. Rxe6
fxe6 28. Bc7 Nb4 29. a3 Nd3 30. Rc2 Rf8 31. Nd4 Rf4 32. Nxe6 Rxg4+ 33. Kf1 Bxe5
34. Bxe5 Nxe5 35. Nc7 Nf3 36. h3 Rg1+ 37. Ke2 Nd4+ 38. Kd2 Nxc2 39. Kxc2 Rg2 40.
Nxa6 Rxf2+ 41. Kc3 Rf3+ 42. Kd4 Rxh3 43. Kc5 c3 44. bxc3 Rxc3+ 45. Kb4 Rh3 46.
Nc7 g5 47. Nxb5 Rh4+ 48. Ka5 g4 49. a4 g3 50. Ka6 Rxa4+ 51. Kb6 Rb4 {White
resigns} 0-1

[Event "Team 45 45 League T84"]
[Site "Internet Chess Club"]
[Date "2020.04.26"]
[Round "4"]
[White "Tjet"]
[Black "clarinetref"]
[Result "1/2-1/2"]
[WhiteElo "1300"]
[BlackElo "1447"]
[Opening "English: symmetrical variation"]
[ECO "A30"]
[Time "20:03:11"]
[TimeControl "2700+45"]

1. c4 c5 2. g3 g6 3. Bg2 Bg7 4. d3 e6 5. Nc3 Ne7 6. e4 O-O 7. Nge2 Na6 8. O-O
Nc7 9. Rb1 d5 10. cxd5 exd5 11. Nxd5 Nexd5 12. exd5 Nxd5 13. Qb3 Nb4 14. Be3 Be6
15. Qd1 Qc7 16. a3 Nd5 17. Bxd5 Bxd5 18. Nf4 Rad8 19. Nxd5 Rxd5 20. Qc2 Qd6 21.
b4 Bd4 22. Bxd4 Rxd4 23. bxc5 Qa6 24. Qc3 Rfd8 25. Rfd1 Rxd3 26. Rxd3 Rxd3 27.
Qb4 Qc6 28. Re1 Qd7 29. c6 Qxc6 30. Qe7 Qd7 31. Qe8+ Qxe8 32. Rxe8+ Kg7 33. Re7
Rb3 34. a4 Kf6 35. Rc7 a6 36. h4 b5 37. axb5 Rxb5 38. Kg2 a5 39. Ra7 h5 40. Ra6+
Kf5 41. Kf3 Rb3+ 42. Kg2 Rb5 43. Kf3 Ke5 44. Ra7 f6 45. Rg7 Rb3+ 46. Kg2 Kf5 47.
Ra7 Ra3 48. Ra6 g5 49. hxg5 fxg5 50. Ra8 a4 51. Ra5+ Kg6 52. Ra6+ Kf7 53. Rh6 h4
54. gxh4 gxh4 55. Rxh4 Ke6 56. Rh5 Ra1 57. Ra5 Kd6 58. f4 a3 59. Kf3 Rf1+ 60.
Ke2 Ra1 61. Kd2 a2 62. Kc2 Rf1 63. Rxa2 Rf2+ 64. Kb3 Rxa2 65. Kxa2 Ke6 {Game
drawn by mutual agreement} 1/2-1/2

[Event "Team 45 45 League T84"]
[Site "Internet Chess Club"]
[Date "2020.04.26"]
[Round "4"]
[White "sdcohle"]
[Black "chesskix"]
[Result "1-0"]
[WhiteElo "1366"]
[BlackElo "1363"]
[Opening "Sicilian: closed"]
[ECO "B25"]
[Time "21:01:35"]
[TimeControl "2700+45"]

1. e4 c5 2. Nc3 Nc6 3. g3 g6 4. Bg2 Bg7 5. d3 d6 6. Nge2 Nf6 7. f4 Bg4 8. O-O
Nd4 9. h3 Bxe2 10. Nxe2 Nd7 11. Be3 Rb8 12. Rb1 f5 13. c3 Nxe2+ 14. Qxe2 Rf8 15.
exf5 Rxf5 16. Rbe1 Nb6 17. Bd2 Rf6 18. c4 Qd7 19. Bc3 Rf7 20. Bxg7 Rxg7 21. Rf3
Rd8 22. Re3 Kf8 23. Kh2 Re8 24. h4 Qc7 25. Bh3 Nd7 26. f5 Nf6 27. fxg6 hxg6 28.
Rf1 Qd8 29. g4 Kg8 30. Rxf6 {Black resigns} 1-0

[Event "Team 45 45 League T84"]
[Site "Internet Chess Club"]
[Date "2020.04.23"]
[Round "4"]
[White "OGO"]
[Black "gregorgg"]
[Result "0-1"]
[WhiteElo "1227"]
[BlackElo "1286"]
[Opening "QGD: classical variation (5.Bf4)"]
[ECO "D35"]
[Time "12:01:22"]
[TimeControl "2700+45"]

1. d4 d5 2. c4 e6 3. Nc3 Nf6 4. Bf4 Be7 5. Nf3 O-O 6. Qc2 Nbd7 7. e4 dxe4 8.
Nxe4 b6 9. Bd3 Bb7 10. O-O c5 11. Rad1 cxd4 12. Nxf6+ Nxf6 13. Nxd4 Kh8 14. Nb5
a6 15. Be4 Bxe4 16. Rxd8 Bxc2 17. Rxf8+ Bxf8 18. Nd4 Be4 19. Rd1 Bc5 20. Ne2 Nh5
21. Be5 f6 22. Bc3 e5 23. b4 Be7 24. f3 Bc6 25. Kf2 g5 26. g4 Nf4 27. Ng3 Rd8
28. Rxd8+ Bxd8 29. Nf5 Bd7 30. Nd6 Bc7 31. Ne4 Kg7 32. a3 h5 33. Ng3 hxg4 34.
fxg4 Bxg4 35. a4 Be6 36. c5 bxc5 37. bxc5 Nd3+ {White resigns} 0-1

[Event "Team 45 45 League T84"]
[Site "Internet Chess Club"]
[Date "2020.04.25"]
[Round "4"]
[White "kabindra"]
[Black "Hectormercado"]
[Result "1-0"]
[WhiteElo "1642"]
[BlackElo "1474"]
[Opening "Sicilian: Smith-Morra gambit"]
[ECO "B21"]
[Time "12:06:24"]
[TimeControl "2700+45"]

1. e4 c5 2. d4 cxd4 3. c3 dxc3 4. Nxc3 Nc6 5. Nf3 e6 6. Bc4 Qc7 7. Qe2 a6 8. a4
Nf6 9. e5 Ng4 10. Bf4 d6 11. Nd5 Qa5+ 12. Bd2 Qd8 13. Bg5 Be7 14. Nxe7 Nxe7 15.
exd6 Qxd6 16. O-O h6 17. Rfd1 Qc5 18. Rac1 Qf5 19. Bxe7 Kxe7 20. Qd2 Ne5 21.
Qd6+ Kf6 22. Nd4 Nxc4 23. Rxc4 Qd5 24. Qf4+ Kg6 25. Rc7 e5 26. Qg3+ Kh7 27. Qd3+
g6 28. Qb3 Qxb3 29. Nxb3 Be6 30. Nc5 Rhd8 31. Re1 Rd6 32. Nxb7 Rb6 33. Rxe5 Rb8
34. Nc5 Rxb2 35. h3 Rb1+ 36. Kh2 Kg7 37. Rxe6 R1b2 38. Ree7 Rxf2 39. Kg3 Rbb2
40. Ne6+ Kg8 41. Re8+ Kh7 42. Nf4 g5 43. Rxf7# {Black checkmated} 1-0

[Event "Team 45 45 League T84"]
[Site "Internet Chess Club"]
[Date "2020.04.24"]
[Round "4"]
[White "Conjurer"]
[Black "howah45"]
[Result "1-0"]
[WhiteElo "1244"]
[BlackElo "1205"]
[Opening "Queen's pawn, Mason variation"]
[ECO "D00"]
[Time "13:02:51"]
[TimeControl "2700+45"]

1. d4 d5 2. Bf4 Nf6 3. e3 e6 4. Nf3 c5 5. c3 Nc6 6. Bd3 Bd6 7. Ne5 Qc7 8. Bb5 a6
9. Bxc6+ bxc6 10. O-O O-O 11. Nd2 cxd4 12. exd4 c5 13. Rc1 Bb7 14. Ndf3 h6 15.
h3 Rac8 16. Bh2 Qb8 17. dxc5 Bxc5 18. Nd7 Qa7 19. Nxf8 Kxf8 20. b4 Bb6 21. Nd4
Bxd4 22. Qxd4 Qxd4 23. cxd4 Rxc1 24. Rxc1 Ne4 25. Rc2 {Black resigns} 1-0

[Event "Team 45 45 League T84"]
[Site "Internet Chess Club"]
[Date "2020.04.24"]
[Round "4"]
[White "oldbookseller"]
[Black "kabubi"]
[Result "0-1"]
[WhiteElo "1007"]
[BlackElo "1109"]
[Opening "Queen's Indian defense"]
[ECO "A47"]
[Time "14:01:25"]
[TimeControl "2700+45"]

1. d4 Nf6 2. Nf3 b6 3. e3 Bb7 4. Nbd2 e6 5. Bd3 Be7 6. O-O O-O 7. Re1 d5 8. c3
Nc6 9. e4 dxe4 10. Nxe4 Nxe4 11. Bxe4 f5 12. Bd3 Qd6 13. Bc4 Nd8 14. Qd3 Bxf3
15. Qxf3 Nf7 16. Be2 Bg5 17. Qh3 Bxc1 18. Raxc1 Ng5 19. Qe3 f4 20. Qd3 Rae8 21.
Bh5 Re7 22. Bg6 hxg6 23. Qxg6 Nf7 24. Rcd1 Nh8 25. Qh5 Ref7 26. Rd3 Rf5 27. Qh4
Ng6 28. Qh3 Qe7 29. Qg4 Rg5 30. Qxe6+ Qxe6 31. Rxe6 Nh4 32. g3 fxg3 33. hxg3
Nf3+ 34. Kf1 c5 35. dxc5 Ne5 36. Rd5 Nf3 37. cxb6 Rxd5 38. bxa7 Ra8 39. c4 Rc5
40. Re3 Ne5 41. f4 Nxc4 42. Re7 Nd6 43. b4 Rc1+ 44. Kf2 Rc2+ 45. Kf3 Rxa2 46.
Kg4 R2xa7 47. Re6 Nf7 48. f5 Rb7 49. f6 Rxb4+ 50. Kf5 gxf6 51. Kxf6 Rg4 52. Re7
Rxg3 53. Rxf7 Rf8 54. Rxf8+ Kxf8 {White resigns} 0-1